Map: Inside and Out

Players

NightMare - Winner!

  • Race: Protoss Protoss
  • Spawn Location: 7:00

Neeb

  • Race: Protoss Protoss
  • Spawn Location: 1:00

Event: DreamHack SC2 Masters 2022 Atlanta (Offline)

VOD

Have the link to the VOD?

Description

Time

  • Played on: Nov. 19, 2022, 9:09 a.m.
  • Length: 7:50

All games in this series

Show
View Real Time Build Order
Export as new Build Order

NightMare Protoss - Winner!

Build Orders: Blink Stalkers 

Get SALT Encoding   

  12  0:00  Probe  
  13  0:12  Probe  
  14  0:19  Pylon  
  14  0:24  Probe  
  15  0:37  Probe (Chrono Boost), Gateway  
  16  0:46  Probe (Chrono Boost), Assimilator  
  17  0:51  Probe  
  18  1:04  Probe  
  19  1:16  Probe  
  20  1:27  Zealot  
  20  1:28  Probe, Cybernetics Core  
  20  1:29  Pylon  
  20  1:30  Assimilator  
  23  1:46  Pylon  
  23  1:47  Probe (Chrono Boost)  
  24  1:58  Probe (Chrono Boost)  
  25  2:03  Probe (Chrono Boost)  
  25  2:05  Adept  
  28  2:10  Warp Gate  
  28  2:15  Nexus  
  28  2:18  Probe  
  29  2:30  Probe (Chrono Boost)  
  30  2:37  Pylon  
  30  2:39  Stalker  
  31  2:49  Twilight Council  
  31  2:54  Gateway  
  31  2:56  Probe  
  32  3:08  Probe  
  32  3:11  Stalker  
  35  3:15  Pylon  
  35  3:20  Probe  
  35  3:25  Blink (Chrono Boost)  
  36  3:30  Probe  
  36  3:32  Probe  
  36  3:38  Gateway  
  34  3:43  Probe  
  34  3:44  Probe  
  36  3:55  Probe  
  37  3:56  Probe  
  37  3:58  Stalker  
  37  3:59  Stalker  
  42  4:07  Probe  
  42  4:08  Probe  
  44  4:12  Robotics Facility, Gateway  
  43  4:19  Probe  
  43  4:20  Probe  
  44  4:25  Stalker x2  
  44  4:31  Probe  
  49  4:33  Probe  
  50  4:44  Nexus  
  50  4:48  Pylon  
  50  4:49  Probe  
  51  4:56  Stalker  
  53  5:00  Probe  
  53  5:06  Probe  
  55  5:10  Stalker x3  
  55  5:13  Probe  
  62  5:17  Assimilator  
  62  5:20  Pylon  
  62  5:26  Pylon  
  62  5:30  Forge  
  62  5:38  Observer, Probe x2  
  62  5:41  Stalker  
  62  5:42  Stalker  
  67  5:50  Probe (Chrono Boost)  
  67  5:51  Probe (Chrono Boost)  
  67  5:52  Charge (Chrono Boost), Stalker  
  67  5:53  Stalker  
  72  5:58  Protoss Ground Weapons Level 1 (Chrono Boost)  
  72  6:00  Probe (Chrono Boost)  
  72  6:02  Probe (Chrono Boost)  
  74  6:05  Gateway  
  74  6:08  Probe (Chrono Boost)  
  74  6:10  Probe (Chrono Boost)  
  76  6:11  Probe (Chrono Boost)  
  76  6:14  Gateway, Probe (Chrono Boost)  
  76  6:18  Gateway  
  77  6:22  Gateway  
  77  6:24  Probe  
  77  6:25  Probe  
  79  6:26  Probe  
  79  6:31  Pylon  
  79  6:32  Warp Prism (Chrono Boost)  
  80  6:39  Zealot  
  84  6:40  Zealot  
  84  6:41  Sentry  
  84  6:44  Zealot  
  90  6:48  Pylon  
  90  6:51  Pylon  
  90  6:52  Probe  
  90  6:53  Probe  
  92  6:57  Pylon  
  92  7:01  Zealot x3  
  98  7:04  Observer  
  98  7:05  Zealot  
  98  7:07  Zealot  
  103  7:11  Zealot, Pylon  
  103  7:15  Zealot  
  107  7:24  Zealot x4  
  115  7:36  Zealot x4  
  103  7:45  Zealot x4  
Show
View Real Time Build Order
Export as new Build Order

Neeb Protoss 

Build Orders: Oracle Opening 

Get SALT Encoding   

  12  0:00  Probe  
  13  0:12  Probe  
  14  0:17  Pylon  
  14  0:24  Probe (Chrono Boost)  
  15  0:36  Probe (Chrono Boost)  
  15  0:37  Gateway  
  16  0:45  Probe (Chrono Boost)  
  16  0:46  Assimilator  
  17  0:50  Probe  
  18  1:03  Probe (Chrono Boost)  
  19  1:04  Assimilator  
  19  1:06  Pylon  
  19  1:13  Probe (Chrono Boost)  
  19  1:18  Probe (Chrono Boost)  
  21  1:25  Pylon  
  21  1:28  Cybernetics Core  
  21  1:31  Probe  
  22  1:41  Zealot (Chrono Boost)  
  22  1:43  Probe  
  25  1:55  Probe  
  25  2:05  Stalker (Chrono Boost)  
  25  2:07  Warp Gate  
  27  2:16  Nexus  
  27  2:24  Probe  
  28  2:31  Stargate  
  28  2:37  Probe  
  28  2:41  Pylon  
  29  2:50  Probe  
  30  2:51  Shield Battery  
  30  2:59  Stalker  
  30  3:21  Oracle (Chrono Boost)  
  30  3:22  Probe  
  34  3:33  Probe  
  36  3:34  Probe  
  37  3:44  Twilight Council  
  37  3:45  Probe  
  37  3:46  Probe  
  37  3:50  Oracle (Chrono Boost)  
  38  3:57  Probe  
  38  3:58  Probe  
  40  4:06  Gateway  
  40  4:09  Probe  
  41  4:11  Probe  
  41  4:12  Gateway  
  42  4:19  Blink (Chrono Boost)  
  42  4:21  Probe  
  42  4:23  Probe, Stalker  
  46  4:33  Probe  
  46  4:35  Probe  
  48  4:39  Pylon  
  48  4:46  Probe  
  48  4:47  Probe  
  50  4:58  Probe  
  51  5:02  Nexus  
  51  5:03  Probe  
  52  5:09  Stalker x2  
  52  5:10  Probe  
  57  5:15  Shield Battery, Probe  
  57  5:19  Stalker  
  60  5:22  Probe  
  60  5:27  Probe, Assimilator  
  62  5:30  Pylon  
  62  5:41  Stalker x2  
  62  5:48  Probe x2  
  60  5:53  Stalker  
  62  6:03  Pylon  
  62  6:05  Pylon  
  62  6:08  Forge, Pylon  
  62  6:14  Probe x2, Stalker x2  
  62  6:15  Probe  
  69  6:19  Stalker  
  71  6:26  Probe (Chrono Boost)  
  71  6:27  Probe (Chrono Boost)  
  71  6:30  Probe (Chrono Boost)  
  74  6:33  Shield Battery  
  74  6:38  Probe x2 (Chrono Boost), Stalker x2  
  81  6:41  Probe (Chrono Boost)  
  81  6:42  Probe (Chrono Boost)  
  81  6:43  Probe (Chrono Boost)  
  83  6:50  Robotics Facility, Probe  
  83  6:52  Probe  
  83  6:54  Probe  
  86  6:55  Sentry  
  86  7:01  Gateway  
  88  7:06  Probe  
  88  7:07  Gateway x2  
  89  7:09  Gateway  
  89  7:12  Gateway  
  89  7:17  Sentry  
  89  7:20  Pylon  
  89  7:21  Zealot x2  
  93  7:40  Stalker  
  93  7:42  Stalker x2  
Tags
 
Add a new tag
Caveats
  • Supply blocks, unpowered buildings, or Contaminate may cause inaccurate times.
  • Supply counts are checked every 10 seconds.